AoeStats
← Mo-Sacra

Arena

510113625Analyzed
4v4 RM · 2d ago on Sep 29, 2026· 12m 11s· 8 players
Game mode
Random Map
Map size
Large (8 player)
Population
200
Speed
Normal
Resources
Standard
Victory
Conquest
Starting age
Dark Age
Ending age
Imperial Age
RankedLock teamsTeams togetherTeam positionsShared explorationLock speedFull tech treeHidden civsTurbo modeCheats
Victory
Defeat
🇩🇪 Wu · Germany
1209
+15
1164
+17
🇩🇪 Cumans · Germany
1163
+18
🇨🇦 Romans · Canada
1158
+17
🇨🇳 Muisca · China
1202
-17
🇮🇳 Maya · India
1189
-17
🇮🇳 Japanese · India
1189
-17
🇨🇱 Danes · Chile
1168
-16
T.Mücke_63
9:00 Feudal Age
9:25 Double-Bit Axe
Olli
7:15 Loom
10:00 Feudal Age
10:38 Double-Bit Axe
10:35 Horse Collar
10:49 Man-at-Arms
Mo-Sacra
11:16 Feudal Age
myth大帝110110110
5:08 Loom
9:41 Feudal Age
14:04 Castle Age
Xavier
10:45 Feudal Age
11:49 Horse Collar
CyberAthlete
7:21 Loom
11:13 Feudal Age
Aka1412
0:35 Loom
11:55 Feudal Age
DaDong
10:07 Feudal Age
13:39 Castle Age
11:35 Double-Bit Axe
11:48 Horse Collar
Connection lost

Rejoining the realm…

Still unreachable

The connection could not be restored.

Session expired

The server has moved on; the page needs a fresh start.